 Dungeon Crawl Stone Soup version 0.30-b1-5-g8e6c1be481 (webtiles) character file.

Game seed: 9672253907207853579

264 Mysteryquy the Trooper (level 5, -3/42 HPs)
             Began as a Demonspawn Fighter on May 4, 2023.
             Was an Initiate of Yredelemnul.
             Slain by an ogre
             ... wielding a +0 giant club
              (24 damage)
             ... on level 4 of the Dungeon.
             The game lasted 00:04:34 (2006 turns).

Mysteryquy the Trooper (Demonspawn Fighter)         Turns: 2006, Time: 00:04:36

Health: -3/42      AC:  9    Str: 19      XL:     5   Next: 98%
Magic:  5/5        EV:  9    Int:  9      God:    Yredelemnul [......]
Gold:   138        SH:  4    Dex:  8 (12) Spells: 4/4 levels left

rFire   . . .        a - +0 war axe
rCold   . . .        c - +0 buckler
rNeg    . . .        b - +0 scale mail
rPois   .            (no helmet)
rElec   .            i - +0 cloak
rCorr   .            (no gloves)
SInv    .            e - +0 pair of boots
Will    .....        (no amulet) Stlth
                     (no ring)
HPRegen 1.27/turn    (no ring)
MPRegen 0.09/turn

%: no passive effects
@: no status effects
A: demonic guardian 1, powered by death 2
a: Renounce Religion, Recall Undead Harvest


You were on level 4 of the Dungeon.
You worshipped Yredelemnul.
Yredelemnul was noncommittal.
You visited 1 branch of the dungeon, and saw 4 of its levels.

You collected 138 gold pieces.

Inventory:

Hand Weapons
 a - a +0 war axe (weapon)
Armour
 b - a +0 scale mail (worn)
 c - a +0 buckler (worn)
 e - a +0 pair of boots (worn)
 i - a +0 cloak (worn)
Jewellery
 p - a +6 ring of dexterity
Scrolls
 f - a scroll of immolation {unknown}
 h - 2 scrolls of enchant weapon {unknown}
 k - 4 scrolls of identify {unknown}
 l - 2 scrolls of enchant armour {unknown}
 m - 2 scrolls of teleportation {unknown}
 o - a scroll of brand weapon {unknown}
Potions
 d - a potion of might
 g - 2 potions of curing
 j - a potion of brilliance {unknown}
 n - a potion of heal wounds {unknown}
 q - 2 potions of cancellation {unknown}


   Skills:
 + Level 3.9 Fighting
 + Level 3.6 Axes
 + Level 3.7 Armour
 + Level 1.1 Dodging
 + Level 0.2 Stealth
 + Level 3.3 Shields


You had 4 spell levels left.
You didn't know any spells.
Your spell library contained the following spells:

 Spells                   Type           Power      Damage    Failure   Level
 Apportation              Tloc           0%         N/A       83%         1
 Necrotise                Necr           0%         1d4       83%         1
 Summon Small Mammal      Summ           0%         N/A       83%         1
 Ignite Poison            Fire/Tmut/Pois 0%         N/A       99%         3
 Sticky Flame             Conj/Fire      0%         2d3       100%        4
 Ignition                 Fire           0%         3d3       100%        8


Dungeon Overview and Level Annotations

Branches:
Dungeon (4/15)
 Temple: D:4-7

Altars:
Dithmenos
Yredelemnul

Annotations:
D:2 1 runed translucent door, Crazy Yiuf


Innate Abilities, Weirdness & Mutations

A weak demonic guardian rushes to your aid.
You regenerate health from kills.


Message History

There is a stone staircase leading up here.
An ogre comes into view. It is wielding a +0 giant club.
The ogre shouts!
You hear a shout!
You see here a scroll labelled PEFODY OGAN.
A hobgoblin and an orc come into view.
Found a brass ring.
The hobgoblin shouts!
The orc shouts!
Found a glowing hat.
You slash the hobgoblin!
You kill the hobgoblin!
You slash the ogre!
The ogre is moderately wounded.
The ogre barely misses you.
You slash the ogre!
The ogre is severely wounded.
The ogre barely misses you.
You barely miss the ogre.
The ogre is severely wounded.
The ogre hits you with a +0 giant club!
You barely miss the ogre.
The ogre is severely wounded.
You barely miss the orc. The orc hits you with a +0 falchion.
The ogre hits you with a +0 giant club!
A demonic guardian appears!
You hit the ogre.
The ogre is severely wounded.
You closely miss the orc. The orc hits you but does no damage.
The ogre misses you. The orc hits you but does no damage.
You barely miss the ogre.
The ogre is severely wounded.
You hit the orc. The orc closely misses you.
Your iron imp barely misses the ogre.
You completely miss the ogre.
The ogre is severely wounded.
You hit the orc.
You kill the orc!
The dead are walking!
The ogre hits you with a +0 giant club!!
Ouch! That really hurt!
You die...
Your body rises from the dead as a mindless zombie.

........ .[.
....... ..
#...... .. .
##.....##.##..
.#...........
...........##..
=......O....... #
#.#..5@# #
..#.#...Z##.##...
.........?.......
.........##.#....
#................
.#....<........
#.#.#..........
#.#.#...#...... #
#.#...#......


You could see an ogre (ally target), a friendly iron imp (summoned) and a
friendly orc zombie.

Vanquished Creatures
  The ghost of Mysteryquy the Shield-Bearer, an amateur GrFi of Yredelemnul (D:3)
  2 quasits (D:3)
  2 adders
  2 orcs
  8 ball pythons
  6 endoplasms
  3 giant cockroaches (D:1)
  7 hobgoblins
  2 jackals (D:3)
  6 kobolds
  3 quokkas
  5 bats
  2 frilled lizards
  6 goblins
  7 rats
62 creatures vanquished.

Vanquished Creatures (collateral kills)
  A jackal (D:3)
  2 rats (D:3)
3 creatures vanquished.

Vanquished Creatures (others)
  2 jackal zombies (D:3)
2 creatures vanquished.

Grand Total: 67 creatures vanquished

Notes
Turn   | Place    | Note
-------+----------+-------------------------------------------
     0 | D:1      | Mysteryquy the Demonspawn Fighter began the quest for the
                  | Orb.
     0 | D:1      | Reached XP level 1. HP: 18/18 MP: 1/1
    87 | D:1      | Gained mutation: A weak demonic guardian rushes to your
                  | aid. [demonic ancestry]
    87 | D:1      | Reached XP level 2. HP: 22/24 MP: 2/2
   398 | D:1      | Found a faded altar of an unknown god.
   749 | D:1      | Gained mutation: You regenerate a little health from kills.
                  | [demonic ancestry]
   749 | D:1      | Reached XP level 3. HP: 29/29 MP: 3/3
   871 | D:2      | Found a runed translucent door.
   872 | D:2      | Noticed Crazy Yiuf
  1033 | D:2      | Found a basalt altar of Yredelemnul.
  1042 | D:2      | Became a worshipper of Yredelemnul the Dark
  1341 | D:3      | Reached * piety under Yredelemnul
  1351 | D:3      | Found a transporter.
  1481 | D:3      | Reached XP level 4. HP: 36/36 MP: 4/4
  1486 | D:3      | Found a transporter.
  1500 | D:3      | Noticed Mysteryquy's ghost (amateur GrFi)
  1546 | D:3      | HP: 1/36 [Mysteryquy's ghost (10)]
  1547 | D:3      | Killed Mysteryquy's ghost
  1548 | D:3      | Gained mutation: You regenerate health from kills. [demonic
                  | ancestry]
  1548 | D:3      | Reached XP level 5. HP: 2/42 MP: 5/5
  1551 | D:3      | HP: 1/42 [quasit (2)]
  1555 | D:3      | Reached skill level 1 in Dodging
  1772 | D:3      | Reached ** piety under Yredelemnul
  1777 | D:3      | Found a shadowy altar of Dithmenos.
  1996 | D:4      | Noticed an ogre
  2006 | D:4      | Slain by an ogre

Illustrated notes

Levels and vault maps discovered:
D:1:      lightli_arrival_flooded_house, layout_loops_ring,
          shapermc_ecumenical_altar_pompeii, hangedman_decor_points,
          kennysheep_pointless_box, minmay_tetromino_s2
D:2:      layout_rooms, serial_curves, eino_curves_02, eino_curves_04,
          eino_curves_03, basic_altar, uniq_crazy_yiuf_cottage
D:3:      layout_rooms, overflow_temple_1_default, lemuel_doored_altar,
          gammafunk_ghost_stat_death, kennysheep_generic_room_14
D:4:      layout_basic, mainiacjoe_overflow_paths, vehumet_crystals,
          minmay_overflow_temple_star_quad, temple_pool_b, minivault_11

Skill      XL: |  1  2  3  4  5 |
---------------+----------------+-----
Armour         | 3 |  3.7
Axes           | 2 3 |  3.6
Shields        | 3 |  3.3
Dodging        | 1 |  1.1
Fighting       | |  3.9
Stealth        | |  0.2

Action                     |  1- 3 |  4- 6 || total
---------------------------+-------+-------++-------
  Melee: War axe           |   124 |    53 ||   177
 Invoke: Dark Bargain      |       |     1 ||     1
    Use: Potion            |       |     2 ||     2
   Stab: Distracted        |       |     2 ||     2
 Armour: Scale mail        |    82 |    68 ||   150
  Dodge: Dodged            |    67 |    49 ||   116
  Block: Buckler           |    28 |    26 ||    54
